Map: [ESL] Stargazers

Players

ShoWTimE - Winner!

  • Race: Protoss Protoss
  • Spawn Location: 11:00

HeroMarine

  • Race: Terran Terran
  • Spawn Location: 1:00

Event: DreamHack SC2 Masters 2022 Atlanta (Online)

VOD

Have the link to the VOD?

Description

Time

  • Played on: Oct. 11, 2022, 11:56 a.m.
  • Length: 10:56

All games in this series

Show
View Real Time Build Order
Export as new Build Order

ShoWTimE Protoss - Winner!

Build Orders: 1 Gate Expand, Blink Stalkers 

Get SALT Encoding   

  12  0:00  Probe  
  13  0:12  Probe  
  14  0:16  Pylon  
  14  0:24  Probe (Chrono Boost)  
  15  0:34  Gateway  
  15  0:36  Probe (Chrono Boost)  
  16  0:45  Probe (Chrono Boost), Assimilator  
  17  0:51  Probe  
  18  1:03  Probe  
  19  1:15  Probe  
  20  1:21  Nexus  
  20  1:31  Cybernetics Core  
  20  1:34  Probe  
  20  1:39  Assimilator  
  21  1:46  Probe  
  22  1:49  Pylon  
  22  1:58  Probe  
  23  2:05  Adept (Chrono Boost)  
  23  2:07  Warp Gate  
  25  2:11  Probe  
  26  2:17  Twilight Council  
  26  2:23  Probe (Chrono Boost)  
  26  2:25  Stalker (Chrono Boost)  
  29  2:33  Probe (Chrono Boost)  
  31  2:41  Probe (Chrono Boost)  
  31  2:43  Probe (Chrono Boost)  
  32  2:47  Probe (Chrono Boost)  
  32  2:48  Probe (Chrono Boost)  
  34  2:54  Robotics Facility  
  34  2:59  Probe  
  34  3:02  Gateway  
  34  3:03  Probe  
  34  3:04  Blink (Chrono Boost)  
  36  3:11  Probe  
  37  3:16  Probe  
  38  3:23  Probe  
  39  3:27  Gateway  
  39  3:28  Probe  
  39  3:30  Gateway  
  40  3:36  Probe  
  40  3:40  Pylon  
  42  3:42  Observer  
  42  3:46  Assimilator  
  42  3:56  Stalker  
  42  3:57  Stalker, Pylon  
  42  3:59  Probe x2  
  48  4:06  Warp Prism  
  50  4:16  Probe  
  52  4:17  Probe  
  52  4:29  Stalker x3  
  56  4:41  Stalker  
  56  4:43  Pylon  
  58  4:47  Probe  
  58  4:48  Probe  
  58  4:49  Pylon  
  60  4:57  Stalker  
  62  5:02  Stalker x2  
  62  5:03  Probe x2  
  67  5:15  Probe  
  67  5:17  Observer  
  67  5:18  Pylon  
  69  5:21  Nexus  
  69  5:27  Probe  
  69  5:28  Probe  
  70  5:36  Robotics Bay  
  70  5:39  Probe  
  71  5:47  Probe  
  72  5:51  Pylon  
  72  5:52  Probe, Forge  
  72  5:54  Assimilator  
  73  5:58  Charge  
  73  6:00  Sentry x2  
  73  6:02  Probe  
  73  6:03  Immortal (Chrono Boost)  
  73  6:04  Probe  
  83  6:25  Gateway  
  83  6:30  Gateway  
  83  6:32  Colossus (Chrono Boost), Pylon  
  83  6:34  Probe x2  
  83  6:35  Probe  
  92  6:46  Probe  
  91  6:49  Protoss Ground Weapons Level 1 (Chrono Boost), Zealot x3, Sentry  
  99  6:54  Pylon  
  99  7:03  Probe x3  
  99  7:04  Shield Battery  
  99  7:05  Shield Battery  
  99  7:07  Pylon  
  102  7:12  Colossus (Chrono Boost)  
  102  7:15  Probe  
  109  7:22  Zealot x4  
  117  7:28  Pylon  
  115  7:36  Stalker x2  
  119  7:39  Probe x3  
  119  7:42  Zealot  
  118  7:48  Zealot x3  
  122  7:51  Probe x2  
  122  7:52  Probe  
  123  8:03  Probe  
  123  8:04  Zealot x3  
  110  8:15  Probe x3  
  113  8:21  Templar Archives  
  113  8:22  Stalker x2  
  113  8:24  Colossus (Chrono Boost)  
  113  8:26  Nexus  
  117  8:27  Pylon  
  117  8:32  Stalker  
  125  8:37  Observer  
  125  8:38  Shield Battery  
  125  8:40  Probe x3  
  128  8:46  Zealot x4  
  136  8:56  Protoss Ground Armor Level 1 (Chrono Boost)  
  136  9:02  Gateway  
  136  9:04  Gateway  
  136  9:05  Disruptor (Chrono Boost)  
  136  9:07  Shield Battery  
  136  9:09  High Templar x2  
  143  9:14  Archon  
  143  9:16  Zealot  
  145  9:22  Pylon  
  145  9:23  Observer, Pylon  
  145  9:25  Stalker x2  
  145  9:29  Pylon  
  149  9:35  Disruptor (Chrono Boost), Pylon  
  149  9:37  Pylon  
  152  9:39  Pylon  
  152  9:40  Pylon  
  152  9:42  Zealot x2  
  156  9:48  Zealot x3  
  156  9:52  Pylon  
  162  9:58  Zealot x3  
  168  10:03  Disruptor  
  168  10:04  Shield Battery  
  145  10:22  Stalker x7  
  143  10:39  Zealot  
  137  10:48  Zealot x6  
Show
View Real Time Build Order
Export as new Build Order

HeroMarine Terran 

Build Orders: 1/1/1, Liberator Opening 

Get SALT Encoding   

  12  0:00  SCV  
  13  0:12  SCV  
  14  0:17  Supply Depot  
  14  0:24  SCV  
  15  0:38  SCV  
  15  0:39  Barracks  
  16  0:43  Refinery  
  16  0:50  SCV  
  16  0:52  Refinery  
  17  1:02  SCV  
  18  1:07  Supply Depot  
  18  1:14  SCV  
  19  1:28  Reaper  
  19  1:29  Orbital Command  
  20  1:42  Factory  
  20  1:54  SCV  
  21  2:06  Barracks Reactor, SCV  
  22  2:15  Command Center  
  22  2:18  SCV  
  23  2:28  Starport  
  23  2:30  SCV  
  23  2:34  Widow Mine  
  26  2:39  Supply Depot  
  26  2:43  SCV  
  27  2:45  Marine  
  27  2:46  Marine  
  29  2:56  Widow Mine  
  31  3:00  SCV  
  31  3:05  Medivac  
  34  3:08  Marine  
  34  3:09  Marine  
  36  3:13  SCV  
  36  3:17  Factory Tech Lab  
  37  3:25  SCV  
  37  3:26  Marine x2  
  40  3:29  Orbital Command  
  40  3:37  SCV, Orbital Command  
  40  3:39  Siege Tank  
  44  3:44  Marine x2  
  46  3:49  SCV  
  46  3:52  Supply Depot  
  47  3:56  Liberator  
  47  4:02  SCV, Marine  
  52  4:03  Marine  
  52  4:07  SCV  
  54  4:14  SCV  
  54  4:16  Supply Depot  
  55  4:18  Siege Tank  
  55  4:19  SCV  
  59  4:26  SCV  
  59  4:28  Marine x2  
  62  4:37  SCV  
  61  4:39  SCV, Viking  
  61  4:42  Supply Depot x2  
  64  4:48  Marine x2  
  64  4:49  SCV  
  64  4:51  SCV  
  68  4:55  Siege Tank  
  70  5:03  SCV x2  
  70  5:06  Supply Depot, Marine x2  
  74  5:07  Supply Depot  
  74  5:15  SCV x2  
  74  5:16  Barracks  
  76  5:24  Marine x2, Starport Tech Lab  
  76  5:27  SCV x2  
  76  5:36  Engineering Bay  
  76  5:37  Siege Tank  
  76  5:40  Barracks  
  76  5:42  Refinery  
  79  5:43  SCV  
  79  5:44  SCV  
  81  5:50  Refinery  
  81  5:52  Marine x2  
  81  5:55  SCV  
  81  5:56  SCV  
  85  6:01  Terran Infantry Weapons Level 1  
  85  6:11  SCV x2  
  85  6:12  Barracks x2  
  85  6:18  Stimpack  
  85  6:21  Starport Reactor  
  85  6:23  SCV x2  
  87  6:26  Factory Reactor  
  87  6:28  Marauder  
  87  6:30  Marine x2  
  91  6:35  SCV x2  
  92  6:40  Supply Depot, Marauder  
  92  6:45  Combat Shield  
  94  6:49  Marauder, Marine  
  96  6:57  Medivac x2  
  100  7:03  Barracks Reactor, Widow Mine x2, Barracks Tech Lab  
  100  7:05  Marauder  
  105  7:11  Marauder  
  105  7:12  Marine  
  110  7:16  Supply Depot, Marine  
  107  7:26  Marauder  
  107  7:27  Marauder  
  115  7:30  Marine  
  115  7:32  Marauder  
  115  7:35  Marine  
  118  7:38  Medivac x2  
  121  7:48  Marauder x2  
  117  7:53  Factory Tech Lab  
  117  7:54  Marauder  
  94  8:08  Viking  
  94  8:09  Marauder x2, Marine x2  
  96  8:15  Marauder  
  96  8:16  Viking, Starport  
  96  8:17  Marine x2  
  102  8:26  Marine  
  102  8:27  Marine  
  102  8:30  Marauder  
  102  8:31  Marauder  
  110  8:35  Marine x2  
  110  8:36  Marauder  
  110  8:38  Viking  
  116  8:41  Concussive Shells  
  116  8:46  Viking  
  118  8:52  Marauder x2  
  118  8:53  Viking  
  126  8:57  Viking  
  126  8:58  Supply Depot  
  126  8:59  Supply Depot  
  126  9:00  Marine x2  
  126  9:01  Supply Depot x2  
  126  9:14  Marine x2  
  126  9:15  Viking, Marauder x2  
  134  9:20  Marauder  
  136  9:30  Viking x2  
  130  9:36  Marauder x2  
  130  9:37  Marine  
  130  9:38  Marine  
  136  9:40  Marine  
  136  9:41  Marauder  
  139  9:46  Marine  
  140  9:55  Marine  
  140  9:56  Marine  
  140  9:58  Marauder x2, Marine  
  147  10:03  Marauder  
  147  10:04  Marine  
  124  10:24  Marauder x2  
  124  10:26  Marauder, Marine x3  
Tags
 
Add a new tag
Caveats
  • Supply blocks, unpowered buildings, or Contaminate may cause inaccurate times.
  • Supply counts are checked every 10 seconds.